 Dungeon Crawl Stone Soup version 0.23.1 (webtiles) character file.

Game seed: 8688065010630555263

1831 Freyura the Slicer (level 8, 0/61 HPs)
             Began as a Vampire Gladiator on Mar 7, 2019.
             Was a Believer of Makhleb.
             Killed from afar by an electric eel (9 damage)
             ... with a bolt of electricity
             ... on level 6 of the Dungeon.
             The game lasted 00:31:41 (7593 turns).

Freyura the Slicer (Vampire Gladiator)              Turns: 7593, Time: 00:31:41

Health: 0/61       AC:  0    Str: 13    XL:     8   Next: 86%
Magic:  9/9        EV: 27    Int: 10    God:    Makhleb [**....]
Gold:   404        SH:  0    Dex: 23    Spells: 7/7 levels left

rFire    . . .     SeeInvis +   (weapon currently unavailable)
rCold    + + .     Gourm    .   (shield currently unavailable)
rNeg     + + +     Faith    +   (armour currently unavailable)
rPois    ∞         Spirit   .   (helmet currently unavailable)
rElec    .         Reflect  .   (cloak currently unavailable)
rCorr    .         Harm     .   (gloves currently unavailable)
MR       .....                  (boots currently unavailable)
Stlth    ++++++....             c - amulet of faith
HPRegen  0.00/turn              (ring currently unavailable)
MPRegen  0.11/turn              (ring currently unavailable)

@: bat-form, flying, bloodless, non-regenerating, very quick
A: tiny, fangs 3, see invisible
a: End Transformation, Minor Destruction, Renounce Religion


You were on level 6 of the Dungeon.
You worshipped Makhleb.
Makhleb was pleased with you.
You were bloodless.
You were in vampire-bat-form.
You visited 2 branches of the dungeon, and saw 8 of its levels.

You collected 404 gold pieces.

Inventory:

Hand Weapons
 a - a +1 rapier
 f - a +2 rapier of protection (melded)
Missiles
 d - 3 throwing nets (quivered)
Armour
 b - a +0 leather armour (melded)
 j - a +1 helmet (melded)
 q - a +0 pair of boots (melded)
Magical Staves
 s - an uncursed staff of conjuration
Jewellery
 c - an amulet of faith (around neck)
 h - an uncursed ring of ice
 k - an uncursed ring of wizardry
 t - a ring of protection from cold (melded)
 u - a ring of protection from magic (melded)
 y - an uncursed ring of flight
Wands
 i - a wand of flame (37)
 p - a wand of iceblast (9)
 B - a wand of acid (11)
Scrolls
 o - a scroll of amnesia
 w - 3 scrolls of fear
 A - 2 scrolls of remove curse
 C - a scroll of teleportation
 D - a scroll of magic mapping
Potions
 e - 34 potions of blood
 g - a potion of curing {unknown}
 l - 2 potions of brilliance {unknown}
 m - 2 potions of flight
 n - a potion of heal wounds
 r - 2 potions of haste {unknown}
 v - 3 potions of degeneration {unknown}
 z - a potion of ambrosia {unknown}


   Skills:
 + Level 4.7 Fighting
 * Level 8.3 Short Blades
 - Level 1.5 Throwing
 + Level 6.4 Dodging
 + Level 7.6 Stealth
 + Level 2.4 Invocations


You had 7 spell levels left.
You didn't know any spells.
Your spell library contained the following spells:

 Spells                   Type           Power        Failure   Level  Hunger
 Animate Skeleton         Necr           N/A          36%         1    ##.....
 Apportation              Tloc           #.....       36%         1    ##.....
 Confusing Touch          Hex            #.....       36%         1    ##.....
 Summon Small Mammal      Summ           #...         36%         1    ##.....


Dungeon Overview and Level Annotations

Branches:
Dungeon (7/15)             Temple (1/1) D:5

Altars:
Ashenzari
Cheibriados
Dithmenos
Elyvilon
Fedhas
Gozag
Hepliaklqana
Kikubaaqudgha
Makhleb
Nemelex Xobeh
Okawaru
Ru
Sif Muna
Trog
Uskayaw
Vehumet
Wu Jian
Xom
Yredelemnul
Zin
The Shining One


Innate Abilities, Weirdness & Mutations

You do not heal naturally.
You are immune to poison.
You have razor-sharp teeth.
You have supernaturally acute eyesight. (SInv)
((You can survive without breathing.))


Message History

Your bite misses the electric eel.
The electric eel is lightly wounded.
The electric eel shoots out a bolt of lightning at you!
The bolt of electricity hits you!
You completely miss the electric eel. Your bite misses the electric eel.
The electric eel is lightly wounded.
You barely miss the electric eel.
The electric eel is lightly wounded.
The electric eel shoots out a bolt of lightning at you!
The bolt of electricity hits you!
You barely miss the electric eel. Your bite misses the electric eel.
The electric eel is lightly wounded.
You hit the electric eel but do no damage.
The electric eel is lightly wounded.
The electric eel shoots out a bolt of lightning at you!
The bolt of electricity hits you!
* * * LOW HITPOINT WARNING * * *
The electric eel shoots out a bolt of lightning at you!
The bolt of electricity hits you!
You die...

#.##..###..##..##.
#.....###.....###.
#.###..#..##.## ## #.#
#.....##.# #.#####.####.#
#########............#####
#.........................
#..†......................
#≈≈....≈≈b.≈.≈≈≈≈≈..≈≈.≈≈≈
#≈≈≈≈≈≈≈≈≈≈≈≈≈≈≈≈≈≈≈≈≈≈≈≈≈
#≈≈≈≈≈≈≈≈≈≈≈≈≈≈≈≈≈≈≈≈≈≈≈≈≈
#≈≈≈≈≈≈≈≈≈#####≈≈≈≈≈≈≈≈≈≈≈
#≈≈≈≈≈≈≈≈≈#...############
#≈≈≈≈≈≈≈;≈#...#...........
#≈≈≈≈≈≈≈≈≈#)()#...........
##≈≈≈≈≈≈≈≈##'##...........
#≈≈≈≈≈≈≈≈≈#..(...########


You could see an electric eel.

Vanquished Creatures
  Grinder (D:6)
  Menkaure (D:6)
  The ghost of Chiseanne the Covert, an amateur SpAs (D:3)
  An ice beast (D:5)
  An ogre (D:3)
  3 big kobolds (D:6)
  3 bullfrogs
  2 scorpions
  A hound (D:6)
  An orc priest (D:4)
  A bullfrog skeleton (D:6)
  Terence (D:3)
  2 iguanas (D:6)
  6 worker ants
  A killer bee zombie (D:5)
  A howler monkey zombie (D:6)
  Robin (D:3)
  7 gnolls (D:6)
  12 adders
  2 oozes
  An adder skeleton (D:4)
  A worm (D:2)
  4 dart slugs
  4 leopard geckos
  14 orcs
  3 ball pythons
  6 giant cockroaches
  46 goblins
  30 hobgoblins
  6 jackals (D:3)
  2 quokkas
  A ball python skeleton (D:4)
  3 bats
  3 frilled lizards
  12 kobolds
  A leopard gecko skeleton (D:4)
  A leopard gecko zombie (D:5)
  9 rats
196 creatures vanquished.

Notes
Turn   | Place    | Note
-------+----------+-------------------------------------------
     0 | D:1      | Freyura the Vampire Gladiator began the quest for the Orb.
     0 | D:1      | Reached XP level 1. HP: 16/16 MP: 1/1
    96 | D:1      | Reached skill level 1 in Stealth
   108 | D:1      | Reached XP level 2. HP: 21/22 MP: 2/2
   508 | D:1      | Reached XP level 3. HP: 27/27 MP: 3/3
   902 | D:2      | Reached skill level 4 in Short Blades
  1565 | D:2      | Reached XP level 4. HP: 32/34 MP: 4/4
  2114 | D:3      | Noticed an ogre
  2315 | D:3      | Found a runed translucent door.
  2315 | D:3      | Noticed a bullfrog
  2320 | D:3      | Noticed Terence
  2329 | D:3      | Killed Terence
  2334 | D:3      | Reached XP level 5. HP: 34/39 MP: 5/5
  2345 | D:3      | Killed an ogre
  2345 | D:3      | Reached skill level 5 in Short Blades
  2514 | D:3      | Noticed Robin
  2540 | D:3      | Killed Robin
  2545 | D:3      | Reached XP level 6. HP: 19/46 MP: 6/6
  3567 | D:3      | Noticed Chiseanne's ghost (amateur SpAs)
  3596 | D:3      | Killed Chiseanne's ghost
  4110 | D:4      | Reached skill level 6 in Short Blades
  4148 | D:4      | Reached XP level 7. HP: 38/52 MP: 7/7
  4163 | D:4      | Reached skill level 5 in Dodging
  4493 | D:4      | Found a radiant altar of Vehumet.
  4494 | D:4      | Found a glowing silver altar of Zin.
  4494 | D:4      | Found a hazy altar of Hepliaklqana.
  4497 | D:4      | Reached skill level 5 in Stealth
  4950 | D:5      | Entered Level 5 of the Dungeon
  5270 | D:5      | Found an ancient bone altar of Kikubaaqudgha.
  5309 | D:5      | Found a staircase to the Ecumenical Temple.
  5316 | Temple   | Entered the Ecumenical Temple
  5355 | Temple   | Became a worshipper of Makhleb the Destroyer
  5571 | D:6      | Noticed Menkaure
  5592 | D:6      | Reached skill level 7 in Short Blades
  5611 | D:6      | Killed Menkaure
  5611 | D:6      | Reached skill level 1 in Invocations
  5611 | D:6      | Reached XP level 8. HP: 53/60 MP: 8/8
  5662 | D:6      | Found a shadowy altar of Dithmenos.
  6228 | D:6      | Noticed Grinder
  6262 | D:6      | Killed Grinder
  6442 | D:6      | Reached * piety under Makhleb
  6839 | D:6      | Reached skill level 8 in Short Blades
  7136 | D:6      | Identified a scroll of acquirement
  7194 | D:6      | Reached ** piety under Makhleb
  7593 | D:6      | Killed from afar by an electric eel

Skill      XL: |  1  2  3  4  5  6  7  8 |
---------------+-------------------------+-----
Stealth        | 1 2 3 4 6 7 |  7.6
Fighting       | 2 3 4 |  4.7
Short Blades   | 4 5 6 7 8 |  8.3
Dodging        | 4 5 6 |  6.4
Invocations    | 1 2 |  2.4
Throwing       | |  1.5

Action                   |  1- 3 |  4- 6 |  7- 9 || total
-------------------------+-------+-------+-------++-------
Melee: Rapier            |   125 |   182 |   332 ||   639
       Bite              |    12 |    17 |    37 ||    66
       Unarmed           |       |       |    14 ||    14
 Abil: Bat Form          |       |       |     1 ||     1
  Use: Scroll            |     4 |     5 |     5 ||    14
       Potion            |       |     4 |     6 ||    10
 Stab: Sleeping          |     4 |    16 |    24 ||    44
       Invisible         |       |     1 |       ||     1
       Distracted        |       |     1 |       ||     1
Armor: Leather armour    |    26 |    37 |    72 ||   135
Dodge: Dodged            |    74 |   120 |   263 ||   457
